 Dungeon Crawl Stone Soup version 0.14-a0-817-g3f7b0b1 (webtiles) character file.

256 PolkaDot the Vexing (level 4, -1/30 HPs)
             Began as a Vampire Enchanter on Nov 12, 2013.
             Slain by Purgy (5 damage)
             ... in a sewer.
             The game lasted 00:06:08 (1703 turns).

PolkaDot the Vexing (Vampire Enchanter)             Turns: 1703, Time: 00:06:08

HP  -1/30        AC  3     Str  7      XL: 4   Next: 67%
MP   0/8         EV 18     Int 17      God:
Gold 142         SH  0     Dex 20      Spells:  2 memorised,  1 level left

Res.Fire  : . . .   See Invis. : +   o - +1 dagger (venom)
Res.Cold  : . . .   Warding    : .   b - +1 robe
Life Prot.: . . .   Conserve   : .   (no shield)
Res.Poison: .       Res.Corr.  : .   (no helmet)
Res.Elec. : .       Clarity    : .   (no cloak)
Sust.Abil.: . .     Spirit.Shd : .   (no gloves)
Res.Mut.  : .       Stasis     : .   (no boots)
Res.Rott. : .       Flight     : .   m - amulet of rage
Saprovore : . . .                    (no ring)
                                     (no ring)

@: regenerating quickly, agile, very slightly contaminated, slightly resistant
to hostile enchantments, very stealthy
A: fangs 3, see invisible, unbreathing
a: Evoke Berserk Rage


You were in a sewer.
You were full.

You visited 1 branch of the dungeon, and saw 3 of its levels.
You also visited: Sewer.

You collected 142 gold pieces.

Inventory:

Hand weapons
 o - a +1,+1 dagger of venom (weapon)
Missiles
 d - 12 darts (quivered)
Armour
 b - a +1 robe (worn)
Scrolls
 a - a scroll of curse weapon {unknown}
 e - a scroll of amnesia {unknown}
 f - a scroll of teleportation {unknown}
 h - 3 scrolls of remove curse {unknown}
 j - a scroll of magic mapping {unknown}
 k - 4 scrolls of recharging {unknown}
 l - 2 scrolls of identify {unknown}
 n - a scroll of enchant armour {unknown}
Jewellery
 m - an amulet of rage (around neck)
Books
 c - a book of Maledictions

   Spells                             Type                      Level
   *Corona                            Hexes                        1
   Sure Blade                         Hexes/Charms                 2
   Ensorcelled Hibernation            Hexes/Ice                    2
   *Confuse                           Hexes                        3
   Enslavement                        Hexes                        4
   Invisibility                       Hexes                        6


   Skills:
 + Level 3.5 Short Blades
 - Level 0.7 Throwing
 - Level 2.1 Dodging
 + Level 3.4 Stealth
 - Level 1.0 Spellcasting
 * Level 6.2 Hexes


You had one spell level left.
You knew the following spells:

 Your Spells              Type           Power        Failure   Level  Hunger
A - Corona                Hex            ###....      1%          1    ##.....
C - Confuse               Hex            ###.....     6%          3    ####...


Dungeon Overview and Level Annotations

Branches:
Dungeon (3/27)

Altars:
Okawaru

Annotations:
Sewer Purgy


Innate Abilities, Weirdness & Mutations

Your natural rate of healing is unusually fast.
You have razor-sharp teeth.*
You have supernaturally acute eyesight.
You can survive without breathing.*


Message History

* * * LOW HITPOINT WARNING * * *
Purgy completely misses you. Purgy closely misses you.
You aren't carrying any potions.
Read which item? (? for menu, Esc to quit)
Okay, then.
You closely miss Purgy. You bite Purgy, but do no damage.
Purgy is heavily wounded.
Casting: Confuse
Confirm with . or Enter, or press ? or * to list all spells.
Aiming: Confuse
Press: ? - help, Shift-Dir - straight line, f/p - Purgy
Aim: Purgy (heavily wounded, poisoned)
You miscast Confuse.
Nothing appears to happen.
Purgy closely misses you. Purgy claws you.
* * * LOW HITPOINT WARNING * * *
Purgy barely misses you.
You barely miss Purgy.
Purgy is severely wounded.
Purgy bites you.
You die...

≈≈#
#≈≈≈≈≈≈≈≈≈≈≈#
#
#.##≈≈≈≈≈≈≈###
#####≈≈≈≈≈≈≈≈#
##≈≈≈≈≈≈##
##.≈≈≈≈≈#
##T≈≈≈≈≈≈#
#.≈≈≈≈≈≈≈#
###.≈≈≈≈≈≈≈≈#
#@T≈≈≈≈≈≈≈≈≈≈
##∩≈≈≈≈≈≈≈≈≈
##≈≈≈≈≈≈≈≈
##.≈≈≈≈≈≈
≈≈≈≈≈≈≈ ≈≈≈≈≈≈
≈≈≈≈ ≈≈≈


You could see Purgy.

Vanquished Creatures
  Ijyb (D:2)
  3 adders (D:2)
  A giant centipede (D:3)
  2 giant mites (D:3)
  A worm (D:3)
  A giant gecko (D:1)
  2 bats
  4 giant cockroaches
  4 hobgoblins
  10 jackals
  6 kobolds
  A quokka (D:2)
  2 giant newts (Sewer)
  3 goblins (D:1)
  2 rats
43 creatures vanquished.

Notes
Turn   | Place    | Note
--------------------------------------------------------------
     0 | D:1      | PolkaDot, the Vampire Enchanter, began the quest for the Orb.
     0 | D:1      | Reached XP level 1. HP: 13/13 MP: 4/4
   340 | D:1      | Reached skill level 5 in Hexes
   340 | D:1      | Reached XP level 2. HP: 10/19 MP: 5/5
   405 | D:1      | Found an iron altar of Okawaru.
   718 | D:2      | Reached XP level 3. HP: 24/24 MP: 6/6
  1187 | D:2      | Noticed Ijyb
  1203 | D:2      | Killed Ijyb
  1203 | D:2      | Reached XP level 4. HP: 17/30 MP: 8/8
  1211 | D:2      | Learned a level 3 spell: Confuse
  1462 | D:3      | Reached skill level 6 in Hexes
  1643 | D:3      | Found a glowing drain.
  1647 | Sewer    | Entered a sewer
  1668 | Sewer    | Noticed Purgy
  1703 | Sewer    | Slain by Purgy

Action                   |  1- 3 |  4- 6 || total
-------------------------+-------+-------++-------
Melee: Dagger            |   182 |    48 ||   230
 Cast: Confuse           |       |     1 ||     1
  Use: Potion            |     4 |     3 ||     7
 Stab: Sleeping          |     3 |     4 ||     7
